 Dungeon Crawl Stone Soup version 0.25.1-2-g60ff931df9 (webtiles) character file.

Game seed: 1133597841265096952

21 Martska the Changer (level 2, 0/25 HPs)
             Began as a Naga Transmuter on Oct 14, 2020.
             Slain by an adder (1 damage)
             ... on level 2 of the Dungeon.
             The game lasted 00:01:51 (1031 turns).

Martska the Changer (Naga Transmuter)               Turns: 1031, Time: 00:01:52

Health: 0/25       AC:  1    Str: 12    XL:     2   Next: 87%
Magic:  5/5        EV: 10    Int: 13    God:
Gold:   44         SH:  0    Dex: 11    Spells: 4/5 levels left

rFire    . . .     SeeInvis +   g - +0 spear
rCold    . . .     Gourm    .   (no shield)
rNeg     . . .     Faith    .   b - +0 robe
rPois    +         Spirit   .   (no helmet)
rElec    .         Reflect  .   (no cloak)
rCorr    .         Harm     .   (no gloves)
MR       .....                  (no barding)
Stlth    +.........             (no amulet)
HPRegen  0.08/turn              (no ring)
MPRegen  0.09/turn              (no ring)

@: lethally poisoned (0 -> -4), short of breath, very slow
A: large, see invisible, deformed body, poison resistance, slowness 2, slow
metabolism 1, spit poison 1, AC +0
a: Spit Poison


You were on level 2 of the Dungeon.
You were not hungry.

You visited 1 branch of the dungeon, and saw 2 of its levels.

You collected 44 gold pieces.

Inventory:

Hand Weapons
 c - a +0 club
 g - a +0 spear (weapon)
Missiles
 a - 25 arrows
Armour
 b - a +0 robe (worn)
Jewellery
 j - an uncursed ring of protection from cold {unknown}
Scrolls
 e - a scroll of enchant armour {unknown}
 h - a scroll of enchant weapon {unknown}
 i - a scroll of teleportation {unknown}
Comestibles
 d - 2 rations
 f - a chunk of flesh


   Skills:
 - Level 1.0 Fighting
 - Level 1.5 Dodging
 - Level 3.0 Unarmed Combat
 - Level 2.0 Spellcasting
 + Level 3.3 Transmutations


You had 4 spell levels left.
You knew the following spells:

 Your Spells              Type           Power        Failure   Level  Hunger
a - Beastly Appendage     Tmut           #.....       7%          1    ##.....

Your spell library contained the following spells:

 Spells                   Type           Power        Failure   Level  Hunger
 Sticks to Snakes         Tmut           #.......     10%         2    ###....
 Spider Form              Tmut/Pois      #.........   36%         3    ####...
 Ice Form                 Ice/Tmut       #.......     78%         4    #####..
 Blade Hands              Tmut           #.........   88%         5    ######.


Dungeon Overview and Level Annotations

Branches:
Dungeon (1/15)

Altars:


Innate Abilities, Weirdness & Mutations

You cannot wear boots.
Your serpentine skin is tough. (AC +0)
You have supernaturally acute eyesight. (SInv)
Armour fits poorly on your strangely shaped body.
Your system is resistant to poisons. (rPois)
You cover ground very slowly.
You have a slow metabolism.
You can spit poison.


Message History

You feel sick. The adder closely misses you.
You miss the adder.
The adder is heavily wounded.
The adder bites you.
Press: ? - help, Shift-Dir - straight line, f/p - adder
Aim: an adder (heavily wounded)
The splash of poison hits the adder.
The adder is almost dead.
You feel slightly more hungry.
You feel sick. The adder closely misses you. The adder bites you.
* * * LOW HITPOINT WARNING * * *
You barely miss the adder.
The adder is almost dead.
The adder bites you.
* * * LOW HITPOINT WARNING * * *
Some of the chunks of flesh in your inventory have rotted away.
You miss the adder.
The adder is almost dead.
The adder bites you.
You die...

#....'.........
#.#....##.#.#.##
.#.#######.#.#.##
...>..............
..................
..................
......#.#.........
........#..#....#.
##.....@..........
#..#.#S#.........
#. #.#r#..##...# #
........... .# #.#
.##. .. #.# # . ..
... #.#


You could see an adder and a rat.

Vanquished Creatures
  2 dart slugs (D:1)
  A leopard gecko (D:2)
  2 giant cockroaches (D:1)
  3 hobgoblins
  2 kobolds (D:1)
  2 bats (D:1)
  3 frilled lizards (D:1)
  A rat (D:1)
16 creatures vanquished.

Notes
Turn   | Place    | Note
-------+----------+-------------------------------------------
     0 | D:1      | Martska the Naga Transmuter began the quest for the Orb.
     0 | D:1      | Reached XP level 1. HP: 18/18 MP: 3/3
   351 | D:1      | Reached XP level 2. HP: 20/25 MP: 5/5
  1000 | D:1      | You fall into a shaft and drop 1 floor!
  1030 | D:2      | HP: 1/25 [adder (4)]
  1031 | D:2      | Slain by an adder

Illustrated notes

Levels and vault maps discovered:
D:1:      wander_arrival_peaceful_grave, layout_basic, minivault_26
D:2:      layout_basic, first_ration, uniq_crazy_yiuf_cottage, uniq_jessica

Skill      XL: |  1  2 |
---------------+-------+-----
Transmutations | 3 |  3.3
Fighting       | |  1.0
Dodging        | |  1.5
Unarmed Combat | |  3.0
Spellcasting   | |  2.0

Action                   || total
-------------------------++-------
Melee: Spear             ||    58
       Club              ||     3
 Abil: Spit Poison       ||     8
 Stab: Sleeping          ||     1
Armor: Robe              ||     4
Dodge: Dodged            ||    32
